 Dungeon Crawl Stone Soup version 0.29.1-1-gd02db6906a (webtiles) character file.

Game seed: 16337090323073227247

158 RascalDebosk the Conjurer (level 5, 0/35 HPs)
             Began as a Demonspawn Conjurer on Oct 9, 2022.
             Slain by an orc priest
             ... wielding a +0 short sword
              (1 damage)
             ... on level 3 of the Dungeon.
             The game lasted 00:13:01 (2549 turns).

RascalDebosk the Conjurer (Demonspawn Conjurer)     Turns: 2549, Time: 00:13:02

Health: 0/35       AC:  2    Str:  7    XL:     5   Next: 16%
Magic:  0/9        EV: 12    Int: 22    God:
Gold:   87         SH:  0    Dex: 11    Spells: 3/10 levels left

rFire   . . .      SeeInvis .   c - +0 spear
rCold   . . .      Faith    +   (no shield)
rNeg    . . .      Spirit   .   n - +0 robe
rPois   .          Reflect  .   (no helmet)
rElec   .          Harm     .   (no cloak)
rCorr   .          Rampage  .   (no gloves)
Will    .....                   (no boots)
Stlth   ++........              e - amulet of faith
HPRegen 0.11/turn               (no ring)
MPRegen 0.11/turn               (no ring)

@: no status effects
A: foul stench 1, sturdy frame 1, demonic magic 1
a: no special abilities


You were on level 3 of the Dungeon.
You visited 1 branch of the dungeon, and saw 3 of its levels.

You collected 87 gold pieces.

Inventory:

Hand Weapons
 c - a +0 spear (weapon)
 s - a +0 dagger
Armour
 n - a +0 robe (worn)
Jewellery
 e - an amulet of faith (around neck)
Scrolls
 a - 4 scrolls of teleportation {unknown}
 d - a scroll of amnesia {unknown}
 f - 4 scrolls of poison {unknown}
 h - a scroll of blinking {unknown}
 i - 2 scrolls of identify {unknown}
 m - a scroll of enchant armour {unknown}
 p - a scroll of fear {unknown}
Potions
 b - 2 potions of magic
 g - a potion of invisibility {unknown}
 j - 4 potions of curing {unknown}
 k - a potion of berserk rage {unknown}
 l - a potion of degeneration {unknown}
 o - a potion of haste {unknown}


   Skills:
 - Level 1.7 Dodging
 - Level 1.7 Stealth
 + Level 3.0 Spellcasting
 + Level 4.7 Conjurations
 + Level 2.1 Hexes
 + Level 2.0 Translocations


You had 3 spell levels left.
You knew the following spells:

 Your Spells              Type           Power      Damage    Failure   Level
a - Magic Dart            Conj           96%        1d7       1%          1
b - Searing Ray           Conj           48%        2d6       2%          2
c - Fulminant Prism       Conj/Hex       9%         3d7       30%         4

Your spell library contained the following spells:

 Spells                   Type           Power      Damage    Failure   Level
 Apportation              Tloc           24%        N/A       5%          1
 Dazzling Flash           Conj/Hex       36%        N/A       9%          3
 Necrotise                Necr           12%        1d4       12%         1
 Summon Small Mammal      Summ           12%        N/A       12%         1
 Portal Projectile        Hex/Tloc       24%        N/A       16%         3
 Tukima's Dance           Hex            12%        N/A       16%         3
 Iskenderun's Mystic Bla  Conj/Tloc      18%        2d6       30%         4
 Blade Hands              Tmut           1%         N/A       98%         5


Dungeon Overview and Level Annotations

Branches:
Dungeon (3/15)

Altars:
Gozag


Innate Abilities, Weirdness & Mutations

You may rarely emit foul miasma when damaged in melee.
Your movements are slightly less encumbered by armour. (ER -2)
Spells you cast may paralyse adjacent enemies.


Message History

You miscast Magic Dart.
You are very lightly contaminated with residual magic.
Nothing appears to happen.
Aiming: Magic Dart (safe; 1% risk of failure)
Press: ? - help, Q - select action, (/) - cycle Shift-Dir - straight line, f/p - hobgoblin
Aim: a hobgoblin (100% to hit)
The magic dart hits the hobgoblin.
The hobgoblin is almost dead.
* * * LOW MAGIC WARNING * * *
Aiming: Magic Dart (safe; 1% risk of failure)
Press: ? - help, Q - select action, (/) - cycle Shift-Dir - straight line, f/p - hobgoblin
Aim: a hobgoblin (almost dead, 100% to hit)
The magic dart hits the hobgoblin.
You kill the hobgoblin!
* * * LOW MAGIC WARNING * * *
Your magical contamination has completely faded away.
You see here a hobgoblin corpse.
Found a robe.
You see here a +0 robe.
An orc wizard, an orc priest and 2 orcs come into view.
Casting: Magic Dart (safe; 1% risk of failure)
Confirm with . or Enter, or press ? or * to list all spells.
The spell is extremely dangerous to miscast (34% risk of failure)!
Continue anyway?
Aiming: Fulminant Prism (extremely dangerous; 34% risk of failure)
Press: ? - help, Dir - move target You conjure a prism of explosive energy!
A fulminant prism comes into view.
The orc wizard shouts!
The orc shouts!
You hear a shout!
The orc wizard hits your fulminant prism with a +0 dagger.
An orc priest comes into view. It is wielding a +0 whip.
You hear a loud crackle.
You hear an explosion!
You feel a bit more experienced.
Casting: Fulminant Prism (extremely dangerous; 34% risk of failure)
Confirm with . or Enter, or press ? or * to list all spells.
Aiming: Searing Ray (safe; 3% risk of failure)
Press: ? - help, Shift-Dir - straight line, f - orc
Aim: an orc, wielding a +0 club (78% to hit)
The searing ray hits the orc wizard!
You kill the orc wizard!
The searing ray hits the orc.
The orc is almost dead. (Press . to maintain the ray.)
* * * LOW MAGIC WARNING * * *
Your Hexes skill increases to level 2!
The searing ray hits the orc.
You kill the orc!
* * * LOW MAGIC WARNING * * *
* * * LOW MAGIC WARNING * * *
The orc priest calls down the wrath of Beogh upon you.
You barely resist.
Without enough magic to sustain it, your searing ray dissipates.
The orc priest looks braver for a moment.
Press: ? - help, v - describe, . - travel A rock wall.
You see here a +0 robe.
The orc priest calls down the wrath of Beogh upon you.
Pain shoots through your body!
You see here a hobgoblin corpse.
The orc priest mumbles some strange prayers to Beogh against you.
Beogh smites you!
* * * LOW HITPOINT WARNING * * *
The orc priest begins to cast a cantrip, but forgets the words!
Casting: Searing Ray (safe; 2% risk of failure)
Confirm with . or Enter, or press ? or * to list all spells.
Aiming: Searing Ray (safe; 2% risk of failure)
Press: ? - help, Shift-Dir - straight line, f - orc priest
Aim: an orc priest, wielding a +0 whip (78% to hit)
The searing ray hits the orc priest.
The orc priest is lightly wounded.
The searing ray hits the orc priest!
The orc priest is severely wounded. (Press . to maintain the ray.)
* * * LOW MAGIC WARNING * * *
The searing ray hits the orc priest!
The orc priest is severely wounded.
The searing ray hits the orc priest!
You kill the orc priest!
* * * LOW MAGIC WARNING * * *
The orc priest barely misses you.
Your Spellcasting skill increases to level 3!
Your Translocations skill increases to level 2!
You have reached level 5!
Your demonic ancestry asserts itself...
A menacing aura infuses your magic.
You hit the orc priest but do no damage.
The orc priest is severely wounded.
The orc priest closely misses you.
You hit the orc priest but do no damage.
The orc priest is severely wounded.
The orc priest misses you.
You hit the orc priest but do no damage.
The orc priest is severely wounded.
The orc priest mumbles some strange prayers to Beogh against you.
Pain shoots through your body!
* * * LOW HITPOINT WARNING * * *
You hit the orc priest but do no damage.
The orc priest is severely wounded.
The orc priest hits you with a +0 short sword.
You die...

#>#.........#
............#
####........#
[..........#
...(........######
.....#...........#
.....#.##.######.#
######. #.# #.# #.
#.# #@# #.# #o# #.
#†# #)# #.# #.#
#.######.#
#...o.o#.#
######[#.#


You could see an orc priest.

Vanquished Creatures
  An orc priest (D:3)
  Jessica (D:2)
  An orc wizard (D:3)
  2 adders
  2 orcs (D:3)
  3 bats
  7 endoplasms
  2 giant cockroaches (D:1)
  3 goblins
  5 hobgoblins
  3 jackals (D:3)
  9 kobolds
  5 quokkas
  3 ball pythons
  3 frilled lizards
  3 rats
53 creatures vanquished.

Vanquished Creatures (others)
  A fulminant prism (D:3)
1 creature vanquished.

Grand Total: 54 creatures vanquished

Notes
Turn   | Place    | Note
-------+----------+-------------------------------------------
     0 | D:1      | RascalDebosk the Demonspawn Conjurer began the quest for
                  | the Orb.
     0 | D:1      | Reached XP level 1. HP: 13/13 MP: 3/3
   353 | D:1      | Gained mutation: You may rarely emit foul miasma when
                  | damaged in melee. [demonic ancestry]
   353 | D:1      | Reached XP level 2. HP: 19/19 MP: 3/5
   481 | D:1      | Learned a level 2 spell: Searing Ray
  1065 | D:2      | Reached skill level 1 in Hexes
  1169 | D:2      | Found a faded altar of an unknown god.
  1177 | D:2      | Reached skill level 1 in Translocations
  1223 | D:2      | Gained mutation: Your movements are slightly less
                  | encumbered by armour. (ER -2) [demonic ancestry]
  1223 | D:2      | Reached XP level 3. HP: 23/24 MP: 0/6
  1372 | D:2      | Found an opulent altar of Gozag.
  1459 | D:2      | Noticed Jessica
  1462 | D:2      | Killed Jessica
  1537 | D:2      | Reached XP level 4. HP: 28/30 MP: 0/7
  1827 | D:2      | Learned a level 4 spell: Fulminant Prism
  2546 | D:3      | Gained mutation: Spells you cast may paralyse adjacent
                  | enemies. [demonic ancestry]
  2546 | D:3      | Reached XP level 5. HP: 10/35 MP: 0/9
  2548 | D:3      | HP: 1/35 [orc priest/nerve-wracking pain (9)]
  2549 | D:3      | Slain by an orc priest

Illustrated notes

Levels and vault maps discovered:
D:1:      nicolae_arrival_memento_mori, layout_basic, hangedman_decor_riveting
D:2:      layout_basic, basic_altar, dreamdust_ecumenical_altar_statues,
          uniq_jessica
D:3:      layout_basic

Skill      XL: |  1  2  3  4 |
---------------+-------------+-----
Hexes          | 1 2 |  2.1
Translocations | 1 2 |  2.0
Spellcasting   | 3 |  3.0
Dodging        | |  1.7
Stealth        | |  1.7
Conjurations   | |  4.7

Action                   |  1- 3 |  4- 6 || total
-------------------------+-------+-------++-------
Melee: Spear             |    34 |     4 ||    38
 Cast: Magic Dart        |    47 |    44 ||    91
       Searing Ray       |       |     2 ||     2
       Fulminant Prism   |       |     1 ||     1
 Stab: Sleeping          |     1 |       ||     1
Armor: Robe              |     9 |     1 ||    10
Dodge: Dodged            |    28 |     3 ||    31
